Map: Berlingrad LE

Players

Pandemic

  • Race: Terran Terran
  • League: Platinum

llllllllllll - Winner!

  • Race: Terran Terran
  • League: Diamond

VOD

Have the link to the VOD?

Description

Time

  • Played on: Oct. 23, 2021, 5:28 p.m.
  • Length: 5:11
Show
View Real Time Build Order
Export as new Build Order

Pandemic Terran 

Build Orders:  

Get SALT Encoding   

  12  0:00  SCV  
  13  0:12  SCV  
  14  0:17  Supply Depot  
  14  0:24  SCV  
  15  0:39  SCV  
  15  0:40  Barracks  
  16  0:45  Refinery  
  16  0:51  SCV  
  17  1:04  SCV  
  18  1:16  SCV  
  19  1:27  Marine  
  19  1:30  Orbital Command  
  20  1:38  Supply Depot  
  20  1:59  SCV  
  20  2:00  Marine  
  21  2:19  SCV  
  19  2:27  Bunker  
  19  2:31  SCV  
  19  2:33  Factory  
  20  2:39  Marine  
  20  2:43  SCV  
  18  2:55  Bunker, SCV  
  18  2:57  Marine  
  20  3:00  Bunker  
  19  3:07  SCV  
  19  3:12  Supply Depot  
  19  3:19  SCV  
  11  3:27  Marine  
  11  3:31  SCV  
  10  3:39  Supply Depot  
  5  3:44  SCV  
  5  3:45  Marine  
Show
View Real Time Build Order
Export as new Build Order

llllllllllll Terran - Winner!

Build Orders:  

Get SALT Encoding   

  12  0:00  SCV  
  13  0:12  SCV  
  14  0:18  Supply Depot  
  14  0:24  SCV  
  15  0:39  SCV  
  16  0:51  Barracks  
  16  1:01  Barracks  
  16  1:08  Barracks  
  16  1:11  SCV  
  17  1:23  SCV  
  18  1:26  Supply Depot  
  18  1:35  SCV  
  19  1:40  Bunker  
  19  1:42  Marine  
  19  1:50  Marine  
  19  2:00  Marine  
  20  2:08  Marine  
  18  2:18  Marine  
  18  2:20  Barracks  
  19  2:26  Marine  
  19  2:28  Barracks  
  20  2:35  Marine  
  21  2:43  Marine  
  21  2:53  Marine  
  22  3:01  Marine  
  23  3:11  Marine x2  
  25  3:19  Marine  
  26  3:29  Marine x3  
  28  3:37  Marine  
  29  3:46  Marine  
  29  3:47  Marine  
  31  3:57  Barracks  
  31  4:00  Barracks, Marine  
  31  4:36  Supply Depot  
  31  4:38  Supply Depot  
Tags
 
Matchup
TvT
Race
Terran
Replay Pack
Oct2021
Add a new tag
Caveats
  • Supply blocks, unpowered buildings, or Contaminate may cause inaccurate times.
  • Supply counts are checked every 10 seconds.